 Dungeon Crawl Stone Soup version 0.19-a0-1937-g70ed36a (webtiles) character file.

44431 Kaname the Destroyer (level 13, -12/106 HPs)
             Began as a Demonspawn Earth Elementalist on Oct 27, 2016.
             Was the Champion of Okawaru.
             Hit by a large rock thrown by a stone giant (34 damage)
             ... on level 1 of the Orcish Mines.
             The game lasted 01:59:51 (26657 turns).

Kaname the Destroyer (DsEE)                        Turns: 26657, Time: 01:59:51

Health: -12/106    AC: 11    Str: 13    XL:     13   Next: 96%
Magic:  3/22       EV: 12    Int: 25    God:    Okawaru [******]
Gold:   549        SH:  0    Dex: 14    Spells: 5 memorised, 2 levels left

rFire  . . .     SeeInvis +     B - +7 long sword "Fysoe" {venom, rPois Stlth+}
rCold  + . .     Gourm    .     e - +2 robe {Archmagi}
rNeg   + . .     Faith    +     (no shield)
rPois  +         Spirit   .     (no helmet)
rElec  .         Reflect  .     I - +3 cloak of Fanaticism {rPois rN+ Int+5}
rCorr  .         Harm     .     u - +0 pair of gloves {Str+3}
MR     .....                    (boots unavailable)
Stlth  +++++.....               C - amulet of faith
                                x - ring of see invisible
                                d - ring of stealth

@: no status effects
A: talons 3, rugged brown scales 2, cold resistance 1, poison resistance,
powered by death 2, robust 1, freezing cloud immunity
a: Heroism, Finesse, Renounce Religion


You were on level 1 of the Orcish Mines.
You worshipped Okawaru.
Okawaru was exalted by your worship.
You were very hungry.

You visited 3 branches of the dungeon, and saw 17 of its levels.
You also visited: Ossuary and Bailey.

You collected 1008 gold pieces.
You spent 459 gold pieces at shops.

Inventory:

Hand Weapons
 B - the +7 long sword "Fysoe" (weapon) {venom, rPois Stlth+}
   (You took it off an orc on level 4 of the Dungeon)

   It poisons the flesh of those it strikes.
   It protects you from poison.
   It makes you more stealthy.
 K - the +4 arc blade {discharge, rElec}
   (You found it on level 14 of the Dungeon)

   It insulates you from electricity.
Armour
 e - a +2 robe of the Archmagi (worn)
 u - a +0 pair of gloves of strength (worn)
 y - a +0 crystal plate armour
 I - the +3 cloak of Fanaticism (worn) {rPois rN+ Int+5}
   (You acquired it in a bailey)

   It affects your intelligence (+5).
   It protects you from poison.
   It protects you from negative energy.
 Q - the +5 chain mail of the Other Side {*Contam rN+++ Dex+5, unknown}
   (Okawaru gifted it to you on level 11 of the Dungeon)

   It affects your dexterity (+5).
   It renders you almost immune to negative energy.
   It causes magical contamination when unequipped.
Jewellery
 d - a ring of stealth (left hand)
 x - a ring of see invisible (right hand)
 C - an amulet of faith (around neck)
Wands
 r - a wand of digging (0/24)
 s - a wand of polymorph (16/24)
Scrolls
 a - 2 scrolls of immolation
 g - 2 scrolls of magic mapping
 i - a scroll of remove curse
 j - 3 scrolls of enchant weapon
 p - 2 scrolls of recharging
 w - 4 scrolls of vulnerability
 z - 3 scrolls of fog
 M - 2 scrolls of enchant armour
Potions
 f - a potion of resistance
 k - 5 potions of might
 m - 2 potions of haste
 n - 2 potions of invisibility
 o - 6 potions of ambrosia
 t - 11 potions of curing
 v - 2 potions of flight
 A - a potion of cancellation {unknown}
 D - 2 potions of cure mutation
 F - 2 potions of agility
 J - a potion of mutation {unknown}
 L - a potion of berserk rage {unknown}
 O - 2 potions of lignification
 P - 8 potions of degeneration
 S - a potion of brilliance {unknown}
Books
 b - a book of Ice

   Spells                             Type                      Level
   a - Ice Form                       Ice/Transmutation            4
   b - Metabolic Englaciation         Hexes/Ice                    5
   c - Ozocubu's Refrigeration        Ice                          6
   d - Bolt of Cold                   Conjuration/Ice              6
   e - Freezing Cloud                 Conjuration/Ice/Air          6
   f - Simulacrum                     Ice/Necromancy               6
 c - a book of Maledictions

   Spells                             Type                      Level
   a - Corona                         Hexes                        1
   b - Ensorcelled Hibernation        Hexes/Ice                    2
   c - Confuse                        Hexes                        3
   d - Tukima's Dance                 Hexes                        3
   e - Dazzling Spray                 Conjuration/Hexes            3
 E - a book of Power

   Spells                             Type                      Level
   a - Fulminant Prism                Conjuration/Hexes            4
   b - Iskenderun's Mystic Blast      Conjuration                  4
   c - Venom Bolt                     Conjuration/Poison           5
   d - Bolt of Magma                  Conjuration/Fire/Earth       5
   e - Iron Shot                      Conjuration/Earth            6
   f - Orb of Destruction             Conjuration                  7
   g - Spellforged Servitor           Conjuration/Summoning        7
 H - a book of Air

   Spells                             Type                      Level
   a - Shock                          Conjuration/Air              1
   b - Swiftness                      Charms/Air                   2
   c - Repel Missiles                 Charms/Air                   2
   d - Static Discharge               Conjuration/Air              3
   e - Lightning Bolt                 Conjuration/Air              5
Comestibles
 h - 7 beef jerkies
 l - 5 meat rations
 q - 13 bread rations
 G - 3 slices of pizza


   Skills:
 - Level 6.0 Fighting
 - Level 10.0 Long Blades
 - Level 1.7 Dodging
 - Level 5.0 Stealth
 - Level 6.2 Spellcasting
 - Level 10.1 Conjurations
 - Level 0.8 Transmutations
 - Level 6.1 Ice Magic
 + Level 7.2 Air Magic
 - Level 10.0 Earth Magic
   Level 6.0 Poison Magic
 - Level 8.0 Invocations


You had 2 spell levels left.
You knew the following spells:

 Your Spells              Type           Power        Failure   Level  Hunger
a - Freezing Cloud        Conj/Ice/Air   ######....   54%         6    ######.
b - Passwall              Tmut/Erth      ######....   1%          2    None
c - Lightning Bolt        Conj/Air       ######....   8%          5    #####..
d - Petrify               Tmut/Erth      ######..     10%         4    ###....
e - Lee's Rapid Deconstr  Erth           ######....   3%          5    #####..


Dungeon Overview and Level Annotations

Branches:
Dungeon (14/15)            Temple (1/1) D:6            Lair (0/6) D:11
    Orc (2/2) D:11            Elf (0/3) Orc:2        Vaults (0/5) D:13

Altars:
Ashenzari
Cheibriados
Dithmenos
Elyvilon
Gozag
Kikubaaqudgha
Makhleb
Nemelex Xobeh
Okawaru
Qazlal
Ru
Trog
Uskayaw
Vehumet
Xom
Zin
The Shining One
Beogh

Shops:
D:5 }   D:14 *(?*%

Annotations:
Orc:2 Nergalle


Innate Abilities, Weirdness & Mutations

You have claws for feet.
You are mostly covered in rugged brown scales. (AC +2, +5% HP)
Your flesh is cold resistant. (rC+)
You regenerate health from kills.
You are immune to freezing clouds.
Your system is resistant to poisons. (rPois)
You are robust. (+10% HP)


Message History

The orc warrior no longer looks unusually strong.
The orc wizard gestures at you while chanting.
You easily resist.
Casting: Lightning Bolt
Confirm with . or Enter, or press ? or * to list all spells.
Aiming: Lightning Bolt
Press: ? - help, Shift-Dir - straight line You feel a surge of power!
You hear a mighty clap of thunder!
The bolt of lightning misses the orc warrior.
The bolt of lightning misses the orc sorcerer.
You hear a shout! x8
The orc warrior hits you with a mace!
* * * LOW HITPOINT WARNING * * *
The orc wizard gestures at you while chanting.
You easily resist.
A stone giant comes into view.
The orc warrior completely misses you.
The stone giant throws a large rock.
The large rock hits you!!
You die...

## ## #..
###.##
##.####
.#...#
#...#@##.....
#C.o.#..#
#.......#
###.oo.##
#...>.#
#..###.....#
#.... .....#
#...# ....##
#### ....#


You could see a stone giant, an orc sorcerer, an orc warrior and an orc wizard
(invisible).

Vanquished Creatures
  An orc warlord (Orc:2)
  Erolcha (D:9)
  Josephine (D:11)
  2 centaur warriors
  A hydra (D:8)
  2 tengu warriors (D:13)
  An orc high priest (Orc:2)
  Urug (Orc:2)
  A shock serpent (D:14)
  Sonja (D:11)
  A sixfirhy (D:14)
  2 unseen horrors
  A wizard (D:13)
  An orc knight (Bailey)
  4 hill giants
  Pikel (D:6)
  3 orc sorcerers
  2 manticores
  4 ugly things
  2 deep elf magi (D:14)
  Maurice (D:12)
  2 gargoyles
  3 centaur skeletons (D:13)
  3 kobold demonologists
  5 trolls
  A hornet (D:12)
  3 raiju (D:14)
  4 two-headed ogres
  5 slime creatures (D:13)
  2 dream sheep (D:8)
  10 hippogriffs
  5 wraiths
  A redback (shapeshifter) (D:13)
  Sigmund (D:2)
  2 wyverns
  24 yaks
  4 fire bats (D:13)
  2 hungry ghosts
  6 vampire mosquitoes (D:13)
  A warg (Orc:1)
  A soldier ant (D:10)
  2 mottled dragons (D:12)
  A hell hound (D:13)
  2 water moccasins
  2 slaves (D:6)
  Duvessa (D:4)
  43 orc warriors
  3 ice beasts
  A sky beast (D:9)
  An eye of draining (D:14)
  A tengu (shapeshifter) (D:13)
  A black bear (D:7)
  9 ogres
  6 centaurs
  7 big kobolds
  3 crocodiles (D:11)
  Blork the orc (D:5)
  9 bullfrogs
  3 water moccasin zombies (Ossuary)
  Dowan (D:4)
  6 scorpions
  2 wyvern skeletons
  A water moccasin skeleton (D:8)
  10 killer bees
  18 wights
  A howler monkey (D:11)
  6 crimson imps
  2 centaur zombies
  2 lava snakes (D:13)
  3 bullfrog zombies
  Crazy Yiuf (D:2)
  7 hounds
  5 jellies
  20 orc priests
  3 bullfrog skeletons
  26 orc wizards
  4 iguanas
  Terence (D:2)
  5 worker ants
  A statue (D:6)
  A big kobold zombie (Ossuary)
  A hound zombie (D:4)
  A hound skeleton (D:7)
  2 mummies (Ossuary)
  2 worker ant zombies
  12 gnolls
  3 river rats (D:11)
  14 adders
  A howler monkey skeleton (D:4)
  5 shadow imps
  An ooze (D:2)
  2 adder skeletons
  6 adder zombies
  3 worms
  5 dart slugs
  12 leopard geckos
  98 orcs
  3 ball pythons
  20 bats
  8 giant cockroaches
  11 goblins
  3 hobgoblins
  15 jackals
  22 kobolds
  4 quokkas
  7 frilled lizards
  A giant cockroach zombie (D:5)
  5 gnoll zombies (Ossuary)
  2 goblin zombies (D:4)
  3 hobgoblin zombies (Ossuary)
  6 kobold zombies (Ossuary)
  5 orc zombies (Ossuary)
  A quokka skeleton (D:4)
  18 rats
  2 fire vortices (D:13)
645 creatures vanquished.

Vanquished Creatures (others)
  A slime creature (D:13)
  2 slaves (D:6)
  A water moccasin zombie (Ossuary)
  An orc wizard (Orc:2)
  An orc (D:6)
  A fire vortex (D:13)
  6 fungi (D:11)
13 creatures vanquished.

Grand Total: 658 creatures vanquished

Notes
Turn   | Place    | Note
-------+----------+-------------------------------------------
     0 | D:1      | Kaname the Demonspawn Earth Elementalist began the quest for the Orb.
     0 | D:1      | Reached XP level 1. HP: 13/13 MP: 3/3
   329 | D:1      | Gained mutation: You have sharp toenails. [demonic ancestry]
   329 | D:1      | Reached XP level 2. HP: 13/19 MP: 5/5
   713 | D:2      | Noticed Terence
   741 | D:2      | Noticed Sigmund
   909 | D:1      | Learned a level 2 spell: Passwall
  1162 | D:2      | Gained mutation: You regenerate a little health from kills. [demonic ancestry]
  1162 | D:2      | Reached XP level 3. HP: 22/24 MP: 4/6
  1287 | D:1      | Learned a level 3 spell: Stone Arrow
  1526 | D:2      | Reached skill level 1 in Conjurations
  2147 | D:2      | Gained mutation: You are partially covered in rugged brown scales. (AC +1, +3% HP) [demonic ancestry]
  2147 | D:2      | Reached XP level 4. HP: 17/30 MP: 0/7
  3265 | D:2      | Found a runed door.
  3290 | D:2      | Killed Terence
  3290 | D:2      | Gained mutation: You have razor-sharp toenails. [demonic ancestry]
  3290 | D:2      | Reached XP level 5. HP: 36/36 MP: 1/8
  3374 | D:2      | Noticed Crazy Yiuf
  3378 | D:2      | Killed Crazy Yiuf
  3644 | D:2      | Killed Sigmund
  3644 | D:2      | Reached skill level 5 in Conjurations
  3644 | D:2      | Reached XP level 6. HP: 35/42 MP: 0/9
  4376 | D:3      | Reached skill level 5 in Earth Magic
  4455 | D:3      | Reached XP level 7. HP: 31/47 MP: 6/10
  4492 | D:3      | Learned a level 4 spell: Petrify
  4946 | D:4      | Noticed Duvessa
  4948 | D:4      | Noticed Dowan
  4966 | D:4      | Killed Duvessa
  4968 | D:4      | Killed Dowan
  5018 | D:4      | Found a sand-covered staircase.
  5032 | Ossuary  | Entered an ossuary
  5560 | Ossuary  | Gained mutation: You are mostly covered in rugged brown scales. (AC +2, +5% HP) [demonic ancestry]
  5560 | Ossuary  | Reached XP level 8. HP: 35/54 MP: 7/11
  5823 | D:4      | Found a sparkling altar of Nemelex Xobeh.
  5883 | D:4      | Found a glowing silver altar of Zin.
  5903 | D:4      | Found a hide-covered altar of Uskayaw.
  5921 | D:4      | Got a steaming long sword {venom}
  6178 | D:4      | Identified the +7 long sword "Fysoe" {venom, rPois Stlth+} (You took it off an orc on level 4 of the Dungeon)
  6194 | D:4      | Found a stormy altar of Qazlal.
  6235 | D:4      | Found a shattered altar of Ashenzari.
  6297 | D:4      | Found a snail-covered altar of Cheibriados.
  6325 | D:4      | Got a jewelled dagger
  6326 | D:4      | Identified the cursed +1 dagger of Frustration {chaos, rF+ rN+ Str+3 Int-5} (You found it on level 4 of the Dungeon)
  6342 | D:4      | Found a burning altar of Makhleb.
  6509 | D:5      | Entered Level 5 of the Dungeon
  6520 | D:5      | Found Plog's Gadget Emporium.
  6698 | D:5      | Found a bloodstained altar of Trog.
  6698 | D:5      | Found an ancient bone altar of Kikubaaqudgha.
  7209 | D:5      | Noticed Blork the orc
  7451 | D:5      | Killed Blork the orc
  7795 | D:6      | Noticed Pikel
  7811 | D:6      | Killed Pikel
  7811 | D:6      | Reached skill level 5 in Spellcasting
  7811 | D:6      | Reached XP level 9. HP: 59/59 MP: 1/16
  7855 | D:5      | Learned a level 5 spell: Lee's Rapid Deconstruction
  8714 | D:6      | Found a staircase to the Ecumenical Temple.
  8738 | D:6      | Found a radiant altar of Vehumet.
  8757 | Temple   | Entered the Ecumenical Temple
  8814 | Temple   | Became a worshipper of Warmaster Okawaru
  9190 | D:7      | Reached skill level 10 in Earth Magic
  9313 | D:7      | Reached skill level 1 in Long Blades
  9596 | D:7      | Reached * piety under Okawaru
  9733 | D:7      | Reached skill level 1 in Invocations
 10146 | D:7      | Reached ** piety under Okawaru
 10546 | D:8      | Gained mutation: Your flesh is cold resistant. (rC+) [demonic ancestry]
 10546 | D:8      | Reached XP level 10. HP: 62/66 MP: 17/17
 10613 | D:8      | Reached skill level 5 in Long Blades
 10652 | D:8      | Noticed a hill giant
 10659 | D:8      | Killed a hill giant
 10994 | D:8      | Reached skill level 1 in Fighting
 11003 | D:8      | Found a white marble altar of Elyvilon.
 11039 | D:8      | Reached *** piety under Okawaru
 11523 | D:8      | Noticed a two-headed hydra
 11532 | D:8      | Killed a two-headed hydra
 11532 | D:8      | Reached skill level 5 in Fighting
 11894 | D:8      | Reached **** piety under Okawaru
 12150 | D:8      | Received a gift from Okawaru
 12824 | D:9      | Reached XP level 11. HP: 49/85 MP: 18/18
 12834 | D:9      | Learned a level 5 spell: Venom Bolt
 12983 | D:9      | Noticed Erolcha
 13019 | D:9      | Killed Erolcha
 13802 | D:10     | Entered Level 10 of the Dungeon
 14684 | D:10     | Reached ***** piety under Okawaru
 15064 | D:10     | Reached skill level 10 in Long Blades
 15094 | D:10     | Reached skill level 1 in Poison Magic
 15478 | D:10     | Reached skill level 5 in Invocations
 15905 | D:11     | Noticed a centaur warrior
 16032 | D:11     | Noticed Josephine
 16093 | D:11     | Killed a centaur warrior
 16093 | D:11     | Received a gift from Okawaru
 16348 | D:11     | Got a translucent chain mail {god gift}
 16392 | D:11     | Noticed Sonja
 16392 | D:11     | Noticed a red ugly thing
 16408 | D:11     | Noticed a green ugly thing
 16410 | D:11     | Noticed a white ugly thing
 16452 | D:11     | Killed a red ugly thing
 16619 | D:11     | Killed a green ugly thing
 16619 | D:11     | Reached ****** piety under Okawaru
 16619 | D:11     | Reached skill level 5 in Poison Magic
 16629 | D:11     | Killed a white ugly thing
 16629 | D:11     | Gained mutation: You regenerate health from kills. [demonic ancestry]
 16629 | D:11     | Reached XP level 12. HP: 72/91 MP: 3/19
 16634 | D:11     | Gained mutation: Your system is resistant to poisons. (rPois) [mutagenic meat]
 16635 | D:11     | Gained mutation: You have claws for feet. [mutagenic meat]
 16636 | D:11     | Gained mutation: You are robust. (+10% HP) [mutagenic meat]
 16839 | D:11     | Found a roughly hewn altar of Beogh.
 17136 | D:11     | Killed Sonja
 17154 | D:11     | Killed Josephine
 17282 | D:11     | Found a staircase to the Orcish Mines.
 17420 | D:11     | Found a staircase to the Lair.
 17751 | D:12     | Found a flagged portal.
 17815 | Bailey   | Entered a bailey
 19213 | Bailey   | Identified a scroll of acquirement
 19216 | Bailey   | Got an encrusted cloak
 19227 | Bailey   | Identified the +3 cloak of Fanaticism {rPois rN+ Int+5} (You acquired it in a bailey)
 19244 | D:12     | Learned a level 6 spell: Freezing Cloud
 19375 | D:12     | Received a gift from Okawaru
 19767 | D:12     | Noticed Maurice
 19774 | D:12     | Killed Maurice
 19774 | D:12     | Reached skill level 5 in Stealth
 20928 | D:13     | Received a gift from Okawaru
 20928 | D:13     | Gained mutation: You are immune to freezing clouds. [demonic ancestry]
 20928 | D:13     | Reached XP level 13. HP: 106/106 MP: 16/22
 20967 | D:13     | Reached skill level 10 in Conjurations
 21199 | D:13     | Reached skill level 1 in Ice Magic
 21527 | D:13     | Reached skill level 1 in Air Magic
 21998 | D:13     | Found a gate to the Vaults.
 22745 | D:14     | Found Cokhupt's Food Boutique.
 22772 | D:14     | Found Fierchea's Magic Scroll Shop.
 22780 | D:14     | Bought a scroll of identify for 26 gold pieces
 22780 | D:14     | Bought a scroll of enchant armour for 97 gold pieces
 22780 | D:14     | Bought a scroll of identify for 26 gold pieces
 22780 | D:14     | Bought a scroll of identify for 26 gold pieces
 22783 | D:14     | Bought a scroll of teleportation for 39 gold pieces
 22783 | D:14     | Bought a scroll of magic mapping for 45 gold pieces
 23167 | D:14     | Found Nyptaxul's Assorted Antiques.
 23293 | D:14     | Received a gift from Okawaru
 23494 | D:14     | Reached skill level 5 in Ice Magic
 23921 | D:14     | Learned a level 5 spell: Lightning Bolt
 23966 | D:14     | Found Sysebe's Assorted Antiques.
 23982 | D:14     | Bought a potion of curing for 120 gold pieces
 23982 | D:14     | Bought a scroll of identify for 80 gold pieces
 24142 | D:14     | Found Jopistis's Antique Weapon Emporium.
 24580 | Orc:1    | Entered Level 1 of the Orcish Mines
 24692 | Orc:2    | Entered Level 2 of the Orcish Mines
 24696 | Orc:2    | Noticed an orc warlord
 25041 | Orc:1    | You fall through a shaft!
 25088 | Orc:2    | Noticed an orc warlord
 25092 | Orc:2    | Reached skill level 5 in Air Magic
 25133 | Orc:2    | Noticed Nergalle
 25461 | Orc:2    | Killed an orc warlord
 25667 | Orc:2    | Found a staircase to the Elven Halls.
 25987 | Orc:2    | Noticed Urug
 26010 | Orc:2    | Killed Urug
 26589 | Orc:2    | Noticed an orc warlord
 26650 | Orc:1    | Paralysed by an orc sorcerer for 3 turns
 26656 | Orc:1    | Noticed a stone giant
 26657 | Orc:1    | Hit by a large rock thrown by a stone giant

Vault maps used:
D:1:      saegor_arrival_simple_f, minmay_misc_feat_roman
D:2:      minivault_26, uniq_crazy_yiuf_cottage, uniq_terence, uniq_sigmund
D:4:      kennysheep_mini_moat, overflow_temple_1_default,
          nicolae_overflow_quartered_altars, serial_undead, serial_undead_b,
          serial_undead_e, serial_undead_b, serial_undead_c, enter_ossuary_4,
          nemelex_diamond_rough_becter, uniq_duvessa
D:5:      gammafunk_temple_overflow_statue, serial_shops, kennysheep_little_box,
          first_bread, uniq_blork_the_orc
D:6:      vehumet_statue, uniq_pikel
D:8:      kennysheep_mini, hangedman_ranch, minmay_misc_feat_pillars
D:9:      uniq_erolcha
D:11:     grunt_lair_entry_orc_guard_hut, erik_orc_1, david_defended_altar_orc,
          uniq_josephine, uniq_sonja
D:12:     enter_bailey_3, minmay_misc_feat_ornament, uniq_maurice
D:13:     david_vaults_1, hangedman_incinerator
D:14:     minmay_shoctagon, serial_shops, shop, shop, shop, shop, shop_statue
Temple:   minmay_temple_curvy_loop
Orc:2:    grunt_orc_cross
Ossuary:  ossuary_tomb_2
Bailey:   bailey_polearm_2, bailey

Skill      XL: |  1  2  3  4  5  6  7  8  9 10 11 12 13 |
---------------+----------------------------------------+-----
Earth Magic    | 3 4 5 7 9 10 | 10.0
Conjurations   | 1 3 5 9 10 | 10.1
Spellcasting   | 5 6 |  6.2
Long Blades    | 4 8 10 | 10.0
Invocations    | 3 7 8 |  8.0
Fighting       | 5 6 |  6.0
Poison Magic   | 5 6 |  6.0
Stealth        | 5 |  5.0
Ice Magic      | 6 |  6.1
Air Magic      | 7 |  7.2
Dodging        | |  1.7
Transmutations | |  0.8

Action                   |  1- 3 |  4- 6 |  7- 9 | 10-12 | 13-15 || total
-------------------------+-------+-------+-------+-------+-------++-------
Melee: Dagger            |    94 |    38 |       |       |       ||   132
       Unarmed           |     9 |       |       |       |       ||     9
       Kick              |    16 |    16 |    46 |    80 |   114 ||   272
       Flail             |       |     5 |       |       |       ||     5
       Quarterstaff      |       |    58 |   138 |       |       ||   196
       Long sword        |       |       |   207 |   563 |   364 ||  1134
       Punch             |       |       |       |     1 |     1 ||     2
 Cast: Sandblast         |    46 |    21 |     2 |       |       ||    69
       Stone Arrow       |     3 |    21 |    55 |   167 |       ||   246
       Lee's Rapid Decon |       |       |     4 |    35 |    19 ||    58
       Venom Bolt        |       |       |       |     8 |    22 ||    30
       Petrify           |       |       |       |     4 |       ||     4
       Passwall          |       |       |       |     1 |     1 ||     2
       Lightning Bolt    |       |       |       |       |    18 ||    18
Invok: Heroism           |       |       |       |     5 |     4 ||     9
Evoke: Wand              |       |       |     1 |     4 |     8 ||    13
  Use: Scroll            |     4 |     3 |     8 |    13 |     8 ||    36
       Potion            |       |       |     3 |     3 |     1 ||     7
 Stab: Sleeping          |     3 |     3 |    29 |    13 |     5 ||    53
       Petrified         |       |       |     2 |     8 |       ||    10
       Distracted        |       |       |     2 |     2 |     1 ||     5
       Confused          |       |       |     1 |       |       ||     1
  Eat: Chunk             |     3 |     5 |    21 |    42 |    27 ||    98
       Pizza             |     1 |       |     1 |     1 |     4 ||     7
       Beef jerky        |       |     1 |     1 |       |       ||     2
       Bread ration      |       |     1 |       |       |       ||     1
       Fruit             |       |       |     2 |    18 |       ||    20
Armor: Robe              |    36 |    51 |    91 |   153 |   105 ||   436
       Animal skin       |       |       |       |    15 |       ||    15
Dodge: Dodged            |   103 |   120 |   217 |   344 |   214 ||   998
       Rpst.: Long sword |       |       |    37 |    78 |    54 ||   169
